 Dungeon Crawl Stone Soup version 0.32-a0-629-g87aaac5c70 (webtiles) character file.

Game seed: 17273523485768450378

50813 GeoRichter the Carver (level 14, -7/118 HPs)
             Began as a Coglin Gladiator on Mar 6, 2024.
             Was the Champion of Okawaru.
             Killed from afar by a ynoxinul (32 damage)
             ... with an iron shot
             ... summoned by an orc high priest
             ... on level 2 of the Orcish Mines.
             The game lasted 00:35:57 (17303 turns).

GeoRichter the Carver (Coglin Gladiator)           Turns: 17303, Time: 00:35:57

Health: -7/118     AC: 11    Str: 15    XL:     14   Next: 56%
Magic:  20/20      EV: 24    Int:  8    God:    Okawaru [******]
Gold:   1480       SH:  0    Dex: 23    Spells: 13/13 levels left

rFire   + . .        a - +2 double sword (holy) {Juwon}
rCold   . . .        S - +4 scimitar (flame) {Bonhwa}
rNeg    . . .        O - +0 troll leather armour
rPois   +            g - +1 helmet {SInv}
rElec   +            j - +1 cloak {rPois}
rCorr   .            y - +0 pair of gloves {Dex+3}
SInv    +            n - +2 pair of slick slippers {slick, slippery, EV+4}
Will    +....        (amulet unavailable)
Stlth   ++           (ring unavailable)
HPRegen 1.19/turn    (ring unavailable)
MPRegen 0.17/turn    l - cryoreticulated transmogrifier {Gadgeteer, rElec rF+}

%: no passive effects
@: about to teleport, studying Fighting, revved
A: off-hand wielding, slow wielding, warmup strikes, no jewellery
a: Renounce Religion, Heroism, Finesse, Duel


You were on level 2 of the Orcish Mines.
You worshipped Okawaru.
Okawaru was exalted by your worship.
You visited 4 branches of the dungeon, and saw 17 of its levels.
You also visited: Sewer and Gauntlet.

You collected 1860 gold pieces.
You spent 380 gold pieces at shops.

Inventory:

Hand Weapons
 a - a +2 double sword of holy wrath (weapon) {Juwon}
   (Okawaru gifted it to you on level 2 of the Orcish Mines)
 S - a +4 scimitar of flaming (offhand) {Bonhwa}
   (You took it off Azrael on level 1 of the Orcish Mines)
Missiles
 d - 3 throwing nets (quivered) {!f}
 e - 3 javelins
 r - 7 silver javelins
 u - 15 poisoned darts
 Q - a curare-tipped dart {!f}
Armour
 g - a +1 helmet of see invisible (worn)
   (You found it in a Gauntlet)
 j - a +1 cloak of poison resistance (worn)
   (You found it in a Gauntlet)
 n - the +2 pair of slick slippers (worn) {slick, slippery, EV+4}
   (Okawaru gifted it to you on level 2 of the Orcish Mines)

   Slick:     Its wearer cannot be constricted, engulfed, netted, webbed, or
   stopped by binding sigils.
   Slippery:  Its wearer slips away from damaging melee attacks, pulling the
   attacker onward.
   EV+4:      It affects your evasion (+4).
 y - a +0 pair of gloves of dexterity (worn)
   (You bought it in a shop on level 4 of the Dungeon)
 H - +0 acid dragon scales
   (You took it off Maggie on level 6 of the Dungeon)
 O - a +0 troll leather armour (worn)
   (You found it on level 9 of the Dungeon)
 R - +0 fire dragon scales
   (You found it on level 5 of the Lair of Beasts)
Gizmo
 l - a cryoreticulated transmogrifier (installed) {Gadgeteer, rElec rF+}
   (You invented it yourself on level 5 of the Lair of Beasts)

   [cryoreticulated transmogrifier]

   Gadgeteer: Your evocable items recharge 30% faster and wands have a 30%
   chance to not spend a charge.
   rF+:       It protects you from fire.
   rElec:     It insulates you from electricity.
Wands
 f - a wand of flame (15)
   (You took it off an orc on level 3 of the Dungeon)
 h - a wand of roots (11)
   (You found it on level 1 of the Lair of Beasts)
 B - a wand of paralysis (12)
   (You found it in a Gauntlet)
Scrolls
 b - 5 scrolls of silence
 k - 2 scrolls of enchant weapon
 m - 3 scrolls of noise {!r}
 p - 2 scrolls of vulnerability {!r}
 q - a scroll of teleportation {@r4}
 t - 3 scrolls of revelation
 x - 4 scrolls of amnesia
 C - 4 scrolls of fear
 I - 4 scrolls of fog
 J - 2 scrolls of enchant armour {unknown}
 N - 2 scrolls of identify {@r1}
 P - 2 scrolls of poison {!r}
Potions
 c - a potion of magic {unknown}
 i - 2 potions of cancellation {unknown}
 o - 2 potions of haste {@q3}
 s - a potion of brilliance {unknown}
 v - 4 potions of curing {@q1}
 z - a potion of mutation {unknown}
 A - 2 potions of lignification {!q}
 D - 3 potions of might {unknown}
 E - 2 potions of attraction {unknown}
 K - 2 potions of ambrosia {unknown}
 L - 2 potions of invisibility {unknown}
 M - 2 potions of resistance


   Skills:
 + Level 13.2 Fighting
 * Level 14.6 Long Blades
 - Level 1.7 Throwing
 - Level 6.8 Armour
 - Level 10.1 Dodging
 - Level 8.0 Invocations
 + Level 8.7 Evocations


You had 13 spell levels left.
You didn't know any spells.
Your spell library contained the following spells:

 Spells                   Type           Power      Damage    Failure   Level
 Apportation              Tloc           0%         N/A       45%         1
 Freeze                   Ice            0%         1d3       45%         1
 Magic Dart               Conj           0%         1d3       45%         1
 Necrotise                Necr           0%         1d4       45%         1
 Sandblast                Erth           0%         2d4       45%         1
 Sting                    Conj/Alch      0%         1d3       45%         1
 Blink                    Tloc           0%         N/A       61%         2
 Static Discharge         Conj/Air       0%         3-3/arc   61%         2
 Dazzling Flash           Conj/Hex       0%         N/A       83%         3
 Frozen Ramparts          Ice            0%         1d1       83%         3
 Fugue of the Fallen      Necr           0%         N/A       83%         3
 Hailstorm                Conj/Ice       0%         3d5       83%         3
 Mephitic Cloud           Conj/Alch/Air  0%         N/A       83%         3
 Ozocubu's Armour         Ice            0%         N/A       83%         3
 Passwall                 Erth           0%         N/A       83%         3
 Stone Arrow              Conj/Erth      0%         3d7       83%         3
 Vampiric Draining        Necr           0%         2d6       83%         3
 Airstrike                Air            0%         2d(0-16)  99%         4
 Brom's Barrelling Bould  Conj/Erth      0%         2d3       99%         4
 Cause Fear               Hex            0%         N/A       99%         4
 Ignite Poison            Fire/Alch      0%         N/A       99%         4
 Leda's Liquefaction      Alch/Erth      0%         N/A       99%         4
 Manifold Assault         Tloc           0%         N/A       99%         4
 Petrify                  Alch/Erth      0%         N/A       99%         4
 Sticky Flame             Fire/Alch      0%         2d4       99%         4
 Curse of Agony           Necr           0%         N/A       100%        5
 Fireball                 Conj/Fire      0%         3d3       100%        5
 Metabolic Englaciation   Hex/Ice        0%         N/A       100%        5
 Silence                  Hex/Air        0%         N/A       100%        5
 Dispersal                Tloc           0%         N/A       100%        6
 Disjunction              Tloc           0%         N/A       100%        8
 Ignition                 Fire           0%         3d3       100%        8
 Lehudib's Crystal Spear  Conj/Erth      0%         10d2      100%        8
 Summon Small Mammal      Summ           Unusable   N/A       N/A         1
 Call Imp                 Summ           Unusable   N/A       N/A         2
 Animate Armour           Summ/Erth      Unusable   N/A       N/A         4
 Martyr's Knell           Necr/Summ      Unusable   N/A       N/A         4
 Summon Lightning Spire   Summ/Air       Unusable   N/A       N/A         4
 Dragon's Call            Summ           Unusable   N/A       N/A         9

Dungeon Overview and Level Annotations

Branches:
Dungeon (9/15) Zot: 25678  Temple (1/1) D:6 Zot: 5954    Lair (5/5) D:9 Zot: 23754
 Shoals (0/4) Lair:2        Snake (0/4) Lair:2        Slime (0/5) Lair:5
    Orc (2/2) D:9 Zot: 10928     Elf (0/3) Orc:2         Sewer (visited)
Gauntlet (visited)

Altars:
Ashenzari
Cheibriados
Dithmenos
Elyvilon
Fedhas
Gozag
Hepliaklqana
Kikubaaqudgha
Makhleb
Nemelex Xobeh
Okawaru
Qazlal
Sif Muna
Trog
Uskayaw
Vehumet
Wu Jian
Xom
Yredelemnul
Zin
The Shining One
Jiyva

Shops:
D:2 =   D:4 *   Orc:2 :**

Annotations:
Lair:5 1 runed translucent door, mojasp's ghost, journeyman DsAr


Innate Abilities, Weirdness & Mutations

You can wield a second weapon in your off-hand.
It takes a long time for you to wield or remove held weapons.
Your first few attacks do less damage.
You cannot equip rings or amulets.


Message History

The hellwing hits you but does no damage. x2
The orc sorcerer hits you with a +0 dagger.
* * * LOW HITPOINT WARNING * * *
The orc sorcerer casts a spell at you. You resist with some effort.
You can move again.
As you read the scroll of teleportation {@r4}, it crumbles to dust.
You feel strangely unstable. The orc warrior misses you. The hellwing hits you!
* * * LOW HITPOINT WARNING * * *
The hellwing misses you.
The orc sorcerer points at you and mumbles some strange words.
You shrug off the repeated paralysis!
The orc sorcerer hits you but does no damage.
The orc high priest prays to Beogh.
The chaos spawn shouts!
You slice the orc warrior with your +4 scimitar of flaming!!
You burn the orc warrior.
You kill the orc warrior!
Okawaru accepts your kill.
You hit the orc sorcerer with your +2 double sword of holy wrath.
The orc sorcerer is almost dead.
You hit the orc sorcerer but do no damage.
The chaos spawn degenerates into a cloud of primal chaos!
The hellwing completely misses you. The hellwing hits you.
* * * LOW HITPOINT WARNING * * *
You slip backwards!
The orc high priest misses you.
The chaos spawn splatters into many small globs of multi-coloured light, then recombines.
The orange demon stings you from afar!
* * * LOW HITPOINT WARNING * * *
The ynoxinul hits you!
* * * LOW HITPOINT WARNING * * *
You slice the orc high priest with your +4 scimitar of flaming!!
You burn the orc high priest.
The orc high priest is heavily wounded.
You hit the orc high priest but do no damage.
The orc sorcerer no longer looks unusually strong.
The orc high priest closely misses you. The orange demon completely misses you.
You slash the orc high priest with your +2 double sword of holy wrath!
The orc high priest is severely wounded.
You barely miss the orc high priest with your +4 scimitar of flaming.
The ynoxinul completely misses you.
You slice the orc high priest with your +2 double sword of holy wrath!!
You kill the orc high priest!
Okawaru is honoured by your kill.
The orange demon disappears in a puff of smoke!
The ufetubus misses you. x2
The orc sorcerer mumbles some strange words.
The ynoxinul gestures at you. The iron shot hits you!!
You die...

.###. ... . ......
.##.. ##
#..#.#....#
.#..###..#...#....#
...#
#...........ยง#
..## .............#
.## ......#3.4#.##
## .....4##3oo.## #
........#(355#
.........o#@##
........o46##
.........5o##
#.....#....#
......###.## #....#
### ##..# ###


You could see a demonspawn, a soul eater (summoned), 2 orc high priests, a
hellwing (summoned), a neqoxec (summoned), a ynoxinul (summoned), an orc
sorcerer (strong), a chaos spawn (summoned), an orc warrior and 3 ufetubi.

Vanquished Creatures
  A minotaur (Gauntlet)
  Azrael (Orc:1)
  A fire dragon (Lair:5)
  A catoblepas (Lair:4)
  3 hydras
  A demonspawn (Orc:2)
  A boulder beetle (Lair:4)
  3 orc high priests (Orc:2)
  A lindwurm (Lair:5)
  3 orc knights (Orc:2)
  5 orc sorcerers
  A cyclops (Orc:2)
  A manticore (D:7)
  A worldbinder (Gauntlet)
  11 elephants
  3 molten gargoyles (Lair:5)
  3 kobold blastminers (Orc:2)
  A torpor snail (Lair:4)
  9 black mambas
  12 cane toads
  Maggie (D:6)
  4 rime drakes
  11 komodo dragons
  2 trolls (D:9)
  A red devil (Orc:2)
  A hellwing (Orc:2)
  2 polar bears
  A hornet (D:8)
  4 blink frogs (Lair:4)
  21 dream sheep
  16 yaks
  2 fire elementals
  8 wyverns
  2 steam dragons
  7 wargs (Orc:2)
  Eustachio (D:6)
  A neqoxec (Gauntlet)
  4 basilisks
  3 vampire mosquitoes (D:7)
  2 chaos spawn (Gauntlet)
  An acid dragon (D:8)
  8 hell hounds
  10 water moccasins
  21 orc warriors
  An ice beast (D:3)
  4 black bears
  7 ogres
  17 wolves
  2 centaurs
  2 kobold brigands
  14 bullfrogs
  A gnoll sergeant (D:9)
  3 scorpions (D:4)
  14 wights
  3 howler monkeys (D:9)
  5 lava snakes (Lair:5)
  2 jellies
  24 orc priests
  A sleepcap (D:7)
  A gnoll bouda (D:7)
  3 hounds
  6 iguanas
  8 orc wizards
  Natasha (thrice) (D:3)
  A hell rat (Sewer)
  8 adders
  8 gnolls
  A river rat (Sewer)
  4 ufetubi (D:6)
  5 dart slugs
  2 ribbon worms
  70 orcs
  4 ball pythons
  6 endoplasms
  2 giant cockroaches
  10 goblins
  7 hobgoblins
  9 jackals
  2 quokkas
  6 bats
  4 frilled lizards
  17 kobolds
  10 rats
494 creatures vanquished.

Vanquished Creatures (others)
  An orc knight (Orc:2)
1 creature vanquished.

Grand Total: 495 creatures vanquished

Notes
Turn   | Place    | Note
-------+----------+-------------------------------------------
     0 | D:1      | GeoRichter the Coglin Gladiator began the quest for the
                  | Orb.
     0 | D:1      | Reached XP level 1. HP: 16/16 MP: 1/1
    53 | D:1      | Reached XP level 2. HP: 21/22 MP: 2/2
   683 | D:2      | Reached skill level 4 in Long Blades
   744 | D:2      | Reached XP level 3. HP: 27/27 MP: 3/3
   873 | D:2      | Found Wasacs's Jewellery Shop.
   991 | D:2      | Reached XP level 4. HP: 20/33 MP: 4/4
  1449 | D:3      | Found a stormy altar of Qazlal.
  1449 | D:3      | Found a hazy altar of Hepliaklqana.
  1485 | D:3      | Reached skill level 5 in Long Blades
  1781 | D:3      | Reached XP level 5. HP: 38/38 MP: 5/5
  1889 | D:3      | Noticed Natasha
  1898 | D:3      | Killed Natasha
  2013 | D:3      | Reached skill level 6 in Long Blades
  2019 | D:3      | Found a blossoming altar of Fedhas.
  2053 | D:3      | Noticed Natasha
  2061 | D:3      | Killed Natasha
  2269 | D:3      | Noticed Natasha
  2273 | D:3      | Killed Natasha
  2282 | D:3      | Noticed an ice beast
  2295 | D:2      | Reached XP level 6. HP: 43/44 MP: 6/6
  2354 | D:3      | Killed an ice beast
  2355 | D:3      | Reached skill level 7 in Long Blades
  2450 | D:4      | Found Cirghuam's Assorted Antiques.
  2650 | D:4      | Reached XP level 7. HP: 44/50 MP: 7/7
  2699 | D:4      | HP: 2/50 [acid (9)]
  3226 | D:4      | Reached skill level 8 in Long Blades
  3226 | D:4      | Reached skill level 1 in Evocations
  3329 | D:4      | Bought a pair of glowing gloves for 180 gold pieces
  3520 | D:5      | Entered Level 5 of the Dungeon
  3661 | D:5      | Found a glowing drain.
  3778 | Sewer    | Entered a sewer
  3989 | D:5      | Reached XP level 8. HP: 56/58 MP: 8/8
  4329 | D:5      | Reached skill level 9 in Long Blades
  4550 | D:5      | Found a white marble altar of Elyvilon.
  4561 | D:5      | Became a worshipper of Elyvilon the Healer
  5003 | D:6      | Noticed Eustachio
  5015 | D:6      | Killed Eustachio
  5059 | D:6      | Noticed Maggie
  5068 | D:6      | Killed Maggie
  5069 | D:6      | Reached skill level 10 in Long Blades
  5069 | D:6      | Reached skill level 5 in Evocations
  5069 | D:6      | Reached XP level 9. HP: 29/66 MP: 9/9
  5255 | D:6      | Found a staircase to the Ecumenical Temple.
  5382 | Temple   | Entered the Ecumenical Temple
  5411 | Temple   | Fell from the grace of Elyvilon
  5411 | Temple   | Became a worshipper of Warmaster Okawaru
  6173 | D:7      | Reached skill level 5 in Fighting
  6306 | D:7      | Noticed a manticore
  6310 | D:7      | Killed a manticore
  6670 | D:7      | Reached skill level 11 in Long Blades
  7120 | D:8      | Noticed a hornet
  7125 | D:8      | Killed a hornet
  7125 | D:8      | Reached * piety under Okawaru
  7126 | D:8      | Reached skill level 1 in Invocations
  7155 | D:8      | Reached XP level 10. HP: 76/76 MP: 9/11
  7182 | D:8      | Reached ** piety under Okawaru
  7599 | D:8      | Reached skill level 12 in Long Blades
  8063 | D:9      | Found a staircase to the Lair.
  8331 | D:9      | Found a staircase to the Orcish Mines.
  8615 | D:9      | Reached *** piety under Okawaru
  8819 | D:9      | Reached XP level 11. HP: 75/84 MP: 13/13
  8904 | D:9      | Reached skill level 13 in Long Blades
  8905 | D:9      | Found a glowing silver altar of Zin.
  9352 | Lair:1   | Entered Level 1 of the Lair of Beasts
  9411 | Lair:1   | Reached **** piety under Okawaru
  9823 | Lair:1   | Reached skill level 5 in Invocations
  9896 | Lair:1   | Reached ***** piety under Okawaru
 10040 | Lair:1   | Reached skill level 14 in Long Blades
 10148 | Lair:1   | Received a gift from Okawaru
 10402 | Lair:2   | Found a staircase to the Shoals.
 10422 | Lair:2   | Reached skill level 1 in Armour
 10610 | Lair:2   | Noticed a six-headed hydra
 10622 | Lair:2   | Killed a nine-headed hydra
 10645 | Lair:2   | HP: 4/89 [black mamba (11)]
 10715 | Lair:2   | Found a staircase to the Snake Pit.
 11163 | Lair:3   | Reached XP level 12. HP: 90/95 MP: 16/16
 11254 | Lair:3   | Received a gift from Okawaru
 11435 | Lair:3   | Reached skill level 5 in Dodging
 12321 | Lair:4   | Noticed a catoblepas
 12331 | Lair:4   | Killed a catoblepas
 12451 | Lair:4   | Reached skill level 10 in Fighting
 12525 | Lair:4   | Received a gift from Okawaru
 12701 | Lair:4   | Reached XP level 13. HP: 56/103 MP: 18/18
 12994 | Lair:4   | Identified the +0 scale mail of Distant Worlds {Int+2 SInv}
 13289 | Lair:5   | Entered Level 5 of the Lair of Beasts
 13290 | Lair:5   | Identified the +6 halberd "Demonbane" {chaos, Dex+3}
 13290 | Lair:5   | Noticed mojasp's ghost (journeyman DsAr)
 13290 | Lair:5   | Found a shimmering altar of Xom.
 13290 | Lair:5   | Found a runed translucent door.
 13319 | Lair:5   | Found a gate leading to a gauntlet.
 13336 | Lair:5   | Reached skill level 5 in Armour
 13373 | Lair:5   | Identified a scroll of acquirement
 13373 | Lair:5   | Acquired a manual of Fighting
 13434 | Gauntlet | Entered a Gauntlet
 13434 | Gauntlet | Found a transporter.
 13434 | Gauntlet | Found a transporter.
 13434 | Gauntlet | Found a transporter.
 13445 | Gauntlet | Found a transporter.
 13447 | Gauntlet | Found a transporter.
 13455 | Gauntlet | Found a transporter.
 13458 | Gauntlet | Found a transporter.
 13466 | Gauntlet | Found a transporter.
 13483 | Gauntlet | Noticed a reaper
 13484 | Gauntlet | Found a transporter.
 13501 | Gauntlet | Found a transporter.
 13504 | Gauntlet | Found a transporter.
 13514 | Gauntlet | Found a transporter.
 13637 | Gauntlet | Noticed a white very ugly thing
 13790 | Gauntlet | Noticed a minotaur
 13796 | Gauntlet | Killed a minotaur
 13800 | Gauntlet | Identified the +4 robe of Patterns {rElec Str+5}
 14196 | Lair:5   | Received a gift from Okawaru
 14510 | Lair:5   | Received a gift from Okawaru
 14571 | Lair:5   | Found a viscous altar of Jiyva.
 14571 | Lair:5   | Found a staircase to the Slime Pits.
 15240 | Lair:5   | Noticed a fire dragon
 15464 | Lair:5   | Found a large runed translucent door.
 15464 | Lair:5   | Found a large runed translucent door.
 15577 | Lair:5   | Killed a fire dragon
 15578 | Lair:5   | Reached XP level 14. HP: 92/115 MP: 18/20
 15578 | Lair:5   | Acquired a cryoreticulated transmogrifier {Gadgeteer, rElec
                  | rF+}
 16186 | Orc:1    | Entered Level 1 of the Orcish Mines
 16359 | Orc:2    | Entered Level 2 of the Orcish Mines
 16365 | Orc:2    | Found a staircase to the Elven Halls.
 16467 | Orc:2    | Noticed Azrael
 16607 | Orc:1    | Killed Azrael
 16682 | Orc:2    | Reached skill level 10 in Dodging
 16783 | Orc:2    | Reached ****** piety under Okawaru
 16801 | Orc:2    | Received a gift from Okawaru
 16822 | Orc:2    | Acquired a +2 double sword of holy wrath
 16822 | Orc:2    | Received a gift from Okawaru
 16885 | Orc:2    | Found Hyujuuz's Book Boutique.
 16958 | Orc:2    | Found Seabo's General Store.
 17002 | Orc:2    | Found Atosaq's General Store.
 17048 | Orc:2    | Acquired the +2 pair of slick slippers {slick, slippery,
                  | EV+4}
 17048 | Orc:2    | Received a gift from Okawaru
 17048 | Orc:2    | Found the +2 pair of slick slippers {slick, slippery, EV+4}
 17088 | Orc:2    | Bought a potion of heal wounds for 70 gold pieces
 17090 | Orc:2    | Bought a potion of resistance for 130 gold pieces
 17157 | Orc:2    | Paralysed by an orc sorcerer for 4 turns
 17244 | Orc:2    | Received a gift from Okawaru
 17294 | Orc:2    | Paralysed by an orc sorcerer for 3 turns
 17303 | Orc:2    | Killed from afar by a ynoxinul

Illustrated notes

Levels and vault maps discovered:
D:1:      minmay_arrival_stone_box, layout_basic
D:2:      layout_loops_ring, serial_shops, shop, uniq_crazy_yiuf_cottage
D:3:      layout_loops_ring, fedhas_altar_4, jmf_multi_god_temple,
          grunt_ministairs_6, uniq_natasha
D:4:      layout_basic, serial_shops, shop, kennysheep_generic_room_14
D:5:      layout_loops_ring, nicolae_elyvilon_temple_path,
          cheibrodos_sewer_entry_drain
D:6:      layout_basic, lemuel_temple_firewalk_a, uniq_eustachio, uniq_maggie
D:7:      layout_gridville
D:8:      layout_basic
D:9:      layout_loops_ring, lemuel_coloured_pillars_altar, erik_lair_island,
          hiddenorc2_lemuel
Temple:   eino_temple_rhombus
Lair:1:   layout_regular_city
Lair:2:   layout_regular_city, elwin_shoals_entry_rocks, dummy_snake_entry
Lair:3:   layout_chaotic_city
Lair:4:   layout_layer_cave, chequers_serial_rivers_micro_c, hibernation_bobbens
Lair:5:   cheibrodos_lair_end_hotspot, layout_misc_corridors,
          dpeg_slime_entry_enclosed, gauntlet_entry_generic, ebering_ghost_xom,
          serial_bayou_pond_d, serial_bayou_crossing
Orc:1:    layout_caves
Orc:2:    pf_orc_diabolical, layout_caves, serial_shops, shop, mines5_lemuel,
          uniq_azrael

Skill      XL: |  1  2  3  4  5  6  7  8  9 10 11 12 13 14 |
---------------+-------------------------------------------+-----
Long Blades    | 4 5 6 7 8 10 11 12 14 | 14.6
Evocations     | 3 5 7 8 |  8.7
Fighting       | 3 4 6 7 9 10 12 13 | 13.2
Invocations    | 1 3 5 6 8 |  8.0
Dodging        | 3 7 9 10 | 10.1
Armour         | 2 4 6 |  6.8
Throwing       | |  1.7

Action                     |  1- 3 |  4- 6 |  7- 9 | 10-12 | 13-15 || total
---------------------------+-------+-------+-------+-------+-------++-------
  Melee: Long sword        |    88 |   113 |   191 |   407 |   296 ||  1095
         Dagger            |    80 |    25 |       |       |       ||   105
         Short sword       |       |    76 |    90 |       |       ||   166
         Falchion          |       |       |    87 |   377 |   245 ||   709
         Scimitar          |       |       |       |       |   134 ||   134
         Double sword      |       |       |       |       |    98 ||    98
  Throw: Javelin           |       |     1 |       |       |       ||     1
         Throwing net      |       |     1 |     1 |       |       ||     2
 Invoke: Heroism           |       |       |       |     9 |     8 ||    17
         Finesse           |       |       |       |       |     1 ||     1
         Receive Weapon    |       |       |       |       |     1 ||     1
         Receive Armour    |       |       |       |       |     1 ||     1
Ability: Invent Gizmo      |       |       |       |       |     1 ||     1
  Evoke: Wand              |       |       |     7 |     7 |    11 ||    25
    Use: Scroll            |       |       |     7 |     3 |    10 ||    20
         Potion            |       |       |     1 |     5 |     3 ||     9
   Stab: Held in net/web   |       |     1 |       |       |       ||     1
         Distracted        |       |       |     1 |       |     1 ||     2
         Sleeping          |       |       |       |     1 |       ||     1
 Armour: Leather armour    |    16 |       |       |       |       ||    16
         Ring mail         |    43 |    65 |    86 |       |       ||   194
         Acid dragon scale |       |       |    42 |    94 |       ||   136
         Troll leather arm |       |       |       |   217 |   169 ||   386
         Fire dragon scale |       |       |       |       |    52 ||    52
  Dodge: Dodged            |    58 |    63 |   113 |   330 |   337 ||   901

Table legend: (Time is in decaauts)
 A = Elapsed time spent in this place.
 B = Non-inter-level travel time spent in this place.
 C = Inter-level travel time spent in this place.
 D = Time resting spent in this place.
 E = Time spent auto-exploring this place.
 F = Levels seen in this place.
 G = Mean time per level.
                   A        B        C        D        E       F      G
               +--------+--------+--------+--------+--------+-----+--------+
         Total |  17174 |  16433 |    741 |   1974 |  10887 |  19 |  903.9 |
       Dungeon |   9214 |   8762 |    452 |    652 |   6531 |   9 | 1023.8 |
        Temple |     45 |     30 |     15 |      0 |      0 |   1 |   45.0 |
          Lair |   6245 |   5994 |    251 |   1102 |   3595 |   5 | 1249.0 |
  Orcish Mines |   1071 |   1049 |     22 |    115 |    470 |   2 |  535.5 |
         Sewer |    116 |    116 |      0 |      0 |     63 |   1 |  116.0 |
      Gauntlet |    480 |    480 |      0 |    104 |    226 |   1 |  480.0 |
               +--------+--------+--------+--------+--------+-----+--------+

Top non-repeatable levels by time:
  Lair:5: 2237 daAuts
     D:9: 1318 daAuts
  Lair:4: 1238 daAuts
     D:7: 1197 daAuts
     D:5: 1133 daAuts
     D:8: 1131 daAuts
     D:4: 1129 daAuts
  Lair:1: 940 daAuts
  Lair:3: 931 daAuts
     D:6: 913 daAuts
     D:3: 911 daAuts
  Lair:2: 897 daAuts
     D:2: 822 daAuts
   Orc:2: 739 daAuts
     D:1: 656 daAuts
